 Dungeon Crawl Stone Soup version 0.31-a0-1338-gb567cfdca4 (webtiles) character file.

Game seed: 17001755590775689068

1050 grandjackal the Conjurer (level 8, -6/41 HPs)
             Began as a Deep Elf Conjurer on Dec 22, 2023.
             Was a Believer of Sif Muna.
             Mangled by an ogre
             ... wielding a +0 giant club
              (24 damage)
             ... on level 5 of the Dungeon.
             The game lasted 00:08:10 (5228 turns).

grandjackal the Conjurer (Deep Elf Conjurer)        Turns: 5228, Time: 00:08:11

Health: -6/41      AC:  2    Str:  4    XL:     8   Next: 5%
Magic:  15/20      EV: 13    Int: 26    God:    Sif Muna [**....]
Gold:   181        SH:  0    Dex: 19    Spells: 7/20 levels left

rFire   . . .        x - staff of air
rCold   . . .        (no shield)
rNeg    . . .        a - +0 robe
rPois   .            (no helmet)
rElec   +            (no cloak)
rCorr   .            (no gloves)
SInv    .            (no boots)
Will    .....        (no amulet)
Stlth   ++           s - +6 ring of dexterity
HPRegen 0.26/turn    (no ring)
MPRegen 0.17/turn

%: no passive effects
@: no status effects
A: no striking features
a: Renounce Religion, Channel Magic


You were on level 5 of the Dungeon.
You worshipped Sif Muna.
Sif Muna was pleased with you.
You visited 1 branch of the dungeon, and saw 5 of its levels.

You collected 181 gold pieces.

Inventory:

Armour
 a - a +0 robe (worn)
Magical Staves
 x - a staff of air (weapon)
Jewellery
 h - a ring of ice
 r - an amulet of guardian spirit
 s - a +6 ring of dexterity (left hand)
Wands
 o - a wand of roots (12)
 p - a wand of mindburst (8)
 w - a wand of flame (19)
Scrolls
 c - a scroll of silence {unknown}
 d - 4 scrolls of identify {unknown}
 g - a scroll of acquirement {unknown}
 i - 6 scrolls of teleportation {unknown}
 j - 2 scrolls of fear {unknown}
 k - a scroll of amnesia {unknown}
 m - a scroll of enchant armour {unknown}
 n - a scroll of blinking {unknown}
 u - a scroll of summoning {unknown}
 v - a scroll of noise {unknown}
 y - a scroll of vulnerability {unknown}
Potions
 b - 2 potions of magic
 e - 2 potions of heal wounds
 f - 2 potions of curing {unknown}
 l - a potion of enlightenment {unknown}
 q - a potion of brilliance {unknown}
 t - 2 potions of mutation {unknown}


   Skills:
 - Level 2.4 Dodging
 - Level 2.4 Stealth
 + Level 6.8 Spellcasting
 + Level 6.8 Conjurations
 + Level 1.9 Ice Magic
 + Level 4.2 Air Magic
 + Level 4.5 Alchemy


You had 7 spell levels left.
You knew the following spells:

 Your Spells              Type           Power      Damage    Failure   Level
a - Magic Dart            Conj           100%       1d8       1%          1
b - Searing Ray           Conj           88%        2d7       1%          2
c - Mercury Vapours       Alch/Air       94%        N/A       1%          2
d - Mephitic Cloud        Conj/Alch/Air  52%        N/A       2%          3
e - Freezing Cloud        Conj/Ice/Air   23%        6-21      30%         5

Your spell library contained the following spells:

 Spells                   Type           Power      Damage    Failure   Level
 Cigotuvi's Dreadful Rot  Necr/Alch/Air  72%        N/A       3%          2
 Ensorcelled Hibernation  Hex/Ice        28%        N/A       6%          2
 Fulminant Prism          Conj/Alch      19%        3d11      6%          4
 Scorch                   Fire           16%        2d5       10%         2
 Flame Wave               Conj/Fire      26%        2d8       16%         4
 Iskenderun's Mystic Bla  Conj/Tloc      26%        2d7       16%         4
 Fugue of the Fallen      Necr           8%         N/A       19%         3
 Anguish                  Hex/Necr       4%         N/A       54%         4
 Dispel Undead            Necr           8%         3d8       54%         4
 Death Channel            Necr           4%         N/A       100%        6
 Summon Cactus Giant      Summ           4%         N/A       100%        6


Dungeon Overview and Level Annotations

Branches:
Dungeon (5/15)
 Temple: D:4-7

Altars:
Elyvilon
Makhleb
Nemelex Xobeh
Sif Muna
Vehumet
The Shining One


Message History

Press: ? - help, Shift-Dir - straight line, f - ogre
Aim: an ogre, wielding a +0 giant club (wandering, hasn't noticed you, 91% to hit)
The searing ray hits the ogre.
The ogre is moderately wounded.
The ogre shouts! (Press . to maintain the ray.)
The searing ray hits the ogre!
The ogre is severely wounded.
The ogre barely misses you.
The searing ray hits the ogre!
The ogre is almost dead.
The ogre barely misses you.
The searing ray hits the ogre.
You kill the ogre!
Sif Muna accepts your kill.
You finish channelling your searing ray.
You have reached level 8!
You feel clever.
You start resting.
HP restored.
An ogre comes into view. It is wielding a +0 giant club.
An ogre is nearby!
Casting: Searing Ray (safe; 1% risk of failure)
Confirm with . or Enter, or press ? or * to list all spells.
Aiming: Searing Ray (safe; 1% risk of failure)
Press: ? - help, Shift-Dir - straight line, f - ogre
Aim: an ogre, wielding a +0 giant club (wandering, hasn't noticed you, 91% to hit)
The searing ray hits the ogre.
The ogre is moderately wounded.
The ogre shouts! (Press . to maintain the ray.)
The searing ray hits the ogre.
The ogre is moderately wounded.
The ogre hits you with a +0 giant club!!
Ouch! That really hurt!
The searing ray hits the ogre.
The ogre is heavily wounded.
The ogre hits you with a +0 giant club!!
Ouch! That really hurt!
You die...

## #. #.###
#.##...
#....O# . #.
#@#..
###.###.#.#
##.....#.#.#
##........#.#
....≈~≈...>.#
#..≈≈~≈≈...##
#..~~♣~~....#
#..≈≈~≈≈...##
♣...≈~≈...♣#


You could see an ogre.

Vanquished Creatures
  2 ogres (D:5)
  A kobold brigand (D:4)
  2 scorpions (D:5)
  3 howler monkeys
  2 hounds (D:4)
  A jelly (D:5)
  An orc priest (D:3)
  An iguana (D:3)
  An orc wizard (D:4)
  Ijyb (D:3)
  21 gnolls (D:4)
  4 adders
  A bombardier beetle (D:5)
  3 dart slugs
  25 orcs
  10 ball pythons
  6 bats
  5 endoplasms
  2 giant cockroaches
  4 goblins
  4 hobgoblins
  13 jackals (D:4)
  4 quokkas
  3 frilled lizards
  3 kobolds
  2 rats
125 creatures vanquished.

Notes
Turn   | Place    | Note
-------+----------+-------------------------------------------
     0 | D:1      | grandjackal the Deep Elf Conjurer began the quest for the
                  | Orb.
     0 | D:1      | Reached XP level 1. HP: 10/10 MP: 6/6
   389 | D:1      | Reached XP level 2. HP: 15/15 MP: 4/8
  1000 | D:1      | Learned a level 2 spell: Searing Ray
  1003 | D:1      | Learned a level 2 spell: Mercury Vapours
  1106 | D:2      | Found a glowing golden altar of the Shining One.
  1462 | D:2      | Reached XP level 3. HP: 19/19 MP: 6/10
  1666 | D:2      | Learned a level 3 spell: Mephitic Cloud
  1713 | D:3      | Reached skill level 1 in Air Magic
  1713 | D:3      | Reached skill level 1 in Alchemy
  1717 | D:3      | Reached skill level 5 in Conjurations
  1950 | D:3      | Reached XP level 4. HP: 24/24 MP: 2/12
  2485 | D:3      | Noticed Ijyb
  2496 | D:3      | Killed Ijyb
  2685 | D:3      | Reached XP level 5. HP: 4/28 MP: 4/14
  3194 | D:4      | Found a radiant altar of Vehumet.
  3195 | D:4      | Found a shimmering blue altar of Sif Muna.
  3195 | D:4      | Found a sparkling altar of Nemelex Xobeh.
  3196 | D:4      | Found a burning altar of Makhleb.
  3204 | D:4      | Became a worshipper of Sif Muna the Loreminder
  3376 | D:4      | Reached skill level 5 in Spellcasting
  3510 | D:4      | Reached XP level 6. HP: 32/32 MP: 7/15
  3638 | D:4      | Reached * piety under Sif Muna
  3965 | D:4      | Reached XP level 7. HP: 35/36 MP: 1/17
  4585 | D:4      | Reached ** piety under Sif Muna
  4782 | D:4      | Learned a level 5 spell: Freezing Cloud
  4794 | D:5      | Entered Level 5 of the Dungeon
  4804 | D:5      | Reached skill level 1 in Ice Magic
  5091 | D:5      | Found a white marble altar of Elyvilon.
  5199 | D:5      | Reached XP level 8. HP: 40/41 MP: 14/20
  5228 | D:5      | Mangled by an ogre

Illustrated notes

Levels and vault maps discovered:
D:1:      saegor_arrival_fortress, layout_loops_ring
D:2:      layout_basic, basic_altar
D:3:      layout_loops_ring, minmay_misc_feat_room, uniq_ijyb
D:4:      lemuel_castle_with_subvaults [lemuel_castle_interior_carwin_1],
          layout_basic, chequers_temple_overflow_statue_of_worship,
          serial_aquarium, aquarium_bridge_straight [aquarium_subvault_bridge,
          aquarium_subvault_window, aquarium_subvault_bridge,
          aquarium_subvault_wall], aquarium_window_corridor_1,
          aquarium_window_fake, aquarium_view_2g, aquarium_view_2d,
          aquarium_balcony_3a, hangedman_decor_slide_cut
D:5:      layout_basic, elyvilon_altar_3, serial_shops, nicolae_shop_rolled_up

Skill      XL: |  1  2  3  4  5  6  7 |
---------------+----------------------+-----
Spellcasting   | 4 5 6 |  6.8
Air Magic      | 1 2 3 4 |  4.2
Alchemy        | 1 2 3 4 |  4.5
Conjurations   | 5 6 |  6.8
Ice Magic      | 1 |  1.9
Dodging        | |  2.4
Stealth        | |  2.4

Action                     |  1- 3 |  4- 6 |  7- 9 || total
---------------------------+-------+-------+-------++-------
  Melee: Unarmed           |       |       |    15 ||    15
         Staff             |       |       |     2 ||     2
   Cast: Magic Dart        |    62 |    30 |    13 ||   105
         Searing Ray       |     4 |    35 |    24 ||    63
         Mephitic Cloud    |       |     1 |       ||     1
    Use: Potion            |       |       |     1 ||     1
   Stab: Sleeping          |       |       |     1 ||     1
 Armour: Robe              |     5 |    10 |    20 ||    35
  Dodge: Dodged            |     6 |    14 |    33 ||    53

Table legend: (Time is in decaauts)
 A = Elapsed time spent in this place.
 B = Non-inter-level travel time spent in this place.
 C = Inter-level travel time spent in this place.
 D = Time resting spent in this place.
 E = Time spent auto-exploring this place.
 F = Levels seen in this place.
 G = Mean time per level.
                   A        B        C        D        E       F      G
               +--------+--------+--------+--------+--------+-----+--------+
         Total |   5229 |   5146 |     83 |   1295 |   3149 |   5 | 1045.8 |
       Dungeon |   5229 |   5146 |     83 |   1295 |   3149 |   5 | 1045.8 |
               +--------+--------+--------+--------+--------+-----+--------+

Top non-repeatable levels by time:
     D:4: 2012 daAuts
     D:3: 1101 daAuts
     D:1: 1048 daAuts
     D:2: 633 daAuts
     D:5: 433 daAuts
